 Dungeon Crawl Stone Soup version 0.30-a0-881-g1ff12e1e11 (webtiles) character file.

Game seed: 8281888717671950902

710 dialectric the Covered (level 7, -4/44 HPs)
             Began as a Gargoyle Fighter on Mar 14, 2023.
             Was an Initiate of Okawaru.
             Slain by Pikel
             ... wielding a +1 whip of freezing
              (5 damage)
             ... on level 4 of the Dungeon.
             The game lasted 00:05:23 (4104 turns).

dialectric the Covered (Gargoyle Fighter)           Turns: 4104, Time: 00:05:24

Health: -4/44      AC: 12    Str: 20    XL:     7   Next: 68%
Magic:  7/7        EV: 10    Int:  8    God:    Okawaru [......]
Gold:   241        SH:  0    Dex: 11    Spells: 6/6 levels left

rFire   . . .      SeeInvis .    a - +0 long sword
rCold   . . .      Faith    .    (no shield)
rNeg    + . .      Spirit   .    b - +0 scale mail
rPois   ∞          Reflect  .    (helmet restricted)
rElec   +          Rampage  .    (no cloak)
rCorr   .                        (no gloves)
Will    .....                    (no boots) Stlth
                                 (no amulet)
HPRegen 0.27/turn                (no ring)
MPRegen 0.10/turn                (no ring)

@: no status effects
A: sickness immunity, AC +4, negative energy resistance 1, electricity
resistance, torment resistance 1, petrification resistance, horns 1, screaming 1
a: Renounce Religion


You were on level 4 of the Dungeon.
You worshipped Okawaru.
Okawaru was noncommittal.
You visited 2 branches of the dungeon, and saw 6 of its levels.

You collected 241 gold pieces.

Inventory:

Hand Weapons
 a - a +0 long sword (weapon)
Missiles
 h - 13 poisoned darts (quivered)
Armour
 b - a +0 scale mail (worn)
 c - a +0 buckler
 v - a +0 plate armour
Jewellery
 l - a ring of willpower
 o - a ring of willpower
 p - an amulet of regeneration
Scrolls
 d - a scroll of enchant weapon {unknown}
 e - 3 scrolls of noise
 f - 6 scrolls of identify
 m - a scroll of enchant armour {unknown}
 q - a scroll of torment {unknown}
 s - 2 scrolls of teleportation
 t - a scroll of acquirement {unknown}
 w - a scroll of immolation {unknown}
Potions
 g - a potion of mutation
 i - a potion of cancellation {unknown}
 j - a potion of resistance {unknown}
 k - 3 potions of curing
 n - a potion of magic {unknown}
 r - a potion of invisibility {unknown}
 u - 2 potions of lignification {unknown}


   Skills:
 * Level 4.8 Fighting
 + Level 5.2 Long Blades
 + Level 5.2 Armour
 - Level 2.3 Dodging
 - Level 3.7 Shields


You had 6 spell levels left.
You didn't know any spells.
Your spell library was empty.

Dungeon Overview and Level Annotations

Branches:
Dungeon (5/15)             Temple (1/1) D:4

Altars:
Cheibriados
Elyvilon
Gozag
Hepliaklqana
Kikubaaqudgha
Nemelex Xobeh
Okawaru
Sif Muna
Vehumet
Wu Jian
Zin
The Shining One

Shops:
D:2 =[([:   D:4 :

Annotations:
D:4 Pikel


Innate Abilities, Weirdness & Mutations

You are immune to sickness and miasma.
Your stone body is resilient. (AC +4)
You are immune to poison.
You resist negative energy. (rN+)
You are resistant to electric shocks. (rElec)
You are resistant to unholy torment.
You are immune to petrification.
You have a pair of small horns on your head.
You occasionally shout uncontrollably at your foes.


Message History

* * * LOW HITPOINT WARNING * * *
Pikel freezes you.
* * * LOW HITPOINT WARNING * * *
The lemure closely misses you. The lemure attacks as you move away!
The lemure hits you but does no damage. The lemure attacks as you move away!
The lemure hits you but does no damage. Pikel attacks as you move away!
Pikel misses you. The lemure hits you but does no damage.
Pikel attacks as you move away!
Pikel hits you with a +1 whip of freezing!
* * * LOW HITPOINT WARNING * * *
Pikel freezes you.
* * * LOW HITPOINT WARNING * * *
Pikel attacks as you move away! Pikel hits you but does no damage.
The lemure attacks as you move away! The lemure hits you.
* * * LOW HITPOINT WARNING * * *
You feel better. Pikel completely misses you. The lemure barely misses you.
Pikel attacks as you move away!
Pikel hits you with a +1 whip of freezing.
* * * LOW HITPOINT WARNING * * *
Pikel freezes you.
* * * LOW HITPOINT WARNING * * *
There is an open door here.
Pikel attacks as you move away! Pikel hits you but does no damage.
You slash Pikel! You headbutt Pikel, but do no damage.
Pikel is almost dead.
Pikel hits you with a +1 whip of freezing.
* * * LOW HITPOINT WARNING * * *
Pikel freezes you.
* * * LOW HITPOINT WARNING * * *
You hit Pikel but do no damage.
Pikel is almost dead.
Pikel hits you but does no damage.
You barely miss Pikel.
Pikel is almost dead.
Pikel hits you but does no damage.
Pikel hits you with a +1 whip of freezing!
* * * LOW HITPOINT WARNING * * *
Pikel freezes you.
You die...

.......#......# #........#
.......#......# #........#
.......#......# #######†##
.......#......# #.......#
.......+......# #.......#
.......#......# #.......#
.......####..##########....#
.....###.##..##.##.####....#
.....'..........@K5..#.....#
.....#...........#...#.....#
.....#...........#...#.....#
.....#...........#...#.....#
..>..#..###.....###..###...#
'##################..###...#
..# #..................# ..#
#..................# ..#
#..................#


You could see Pikel and a lemure.

Vanquished Creatures
  Grinder (D:3)
  A sky beast (D:4)
  A hound (D:4)
  An orc priest (D:3)
  Jessica (D:3)
  3 iguanas (D:4)
  A sleepcap (D:4)
  2 orc wizards (D:3)
  5 adders
  4 gnolls (D:2)
  An ufetubus (D:4)
  2 worms
  2 dart slugs
  5 orcs (D:3)
  6 ball pythons
  5 bats
  8 endoplasms
  5 giant cockroaches
  8 goblins
  8 hobgoblins
  4 jackals (D:1)
  5 kobolds
  3 quokkas (D:4)
  3 frilled lizards
  5 rats
90 creatures vanquished.

Notes
Turn   | Place    | Note
-------+----------+-------------------------------------------
     0 | D:1      | dialectric the Gargoyle Fighter began the quest for the
                  | Orb.
     0 | D:1      | Reached XP level 1. HP: 14/14 MP: 1/1
    88 | D:1      | Reached XP level 2. HP: 14/19 MP: 2/2
   582 | D:1      | Reached XP level 3. HP: 23/23 MP: 3/3
  1173 | D:2      | Found Qezitroroe's Weapon Boutique.
  1222 | D:2      | Found Qaerataf's Armour Boutique.
  1276 | D:2      | Found Zorefeut's Book Boutique.
  1442 | D:2      | Found Zazoucluec's Antique Armour Shoppe.
  1682 | D:2      | Reached XP level 4. HP: 22/29 MP: 4/4
  1741 | D:2      | Found Oqash's Jewellery Shop.
  1916 | D:3      | Reached skill level 1 in Dodging
  1956 | D:3      | Noticed Grinder
  1985 | D:3      | Paralysed by Grinder for 3 turns
  1988 | D:3      | Killed Grinder
  1989 | D:3      | Reached XP level 5. HP: 3/33 MP: 5/5
  1989 | D:3      | Reached XP level 6. HP: 4/38 MP: 6/6
  2166 | D:3      | Noticed Jessica
  2174 | D:3      | Killed Jessica
  2510 | D:3      | Reached XP level 7. HP: 26/43 MP: 7/7
  2940 | D:4      | Found a staircase to the Ecumenical Temple.
  2962 | Temple   | Entered the Ecumenical Temple
  3003 | Temple   | Became a worshipper of Warmaster Okawaru
  3033 | D:4      | Found Taad Heo's Book Emporium.
  3103 | D:4      | Reached skill level 5 in Armour
  3704 | D:4      | Reached skill level 5 in Long Blades
  3921 | D:5      | Entered Level 5 of the Dungeon
  3953 | D:4      | Gained mutation: You have a pair of small horns on your
                  | head. [potion of mutation]
  3953 | D:4      | Gained mutation: You occasionally shout uncontrollably at
                  | your foes. [potion of mutation]
  4071 | D:5      | Noticed Pikel
  4104 | D:4      | HP: 1/44 [Pikel/+1 whip of freezing (9)]
  4104 | D:4      | Slain by Pikel

Illustrated notes

Levels and vault maps discovered:
D:1:      kennysheep_arrival_forest, layout_basic, minmay_heptomino_o4
D:2:      layout_loops_ring, serial_shops, shop, nicolae_shop_hallway_stairs,
          nicolae_diamond_shop, nicolae_shop_trees, shop,
          minmay_misc_feat_encased, corexii_shack
D:3:      layout_basic, uniq_grinder, uniq_jessica
D:4:      layout_gridville, minmay_temple_entry_large_hall, serial_shops, shop,
          minivault_4
D:5:      layout_rooms, uniq_pikel, uniq_ijyb
Temple:   nicolae_temple_bog_church

Skill      XL: |  1  2  3  4  5  6  7 |
---------------+----------------------+-----
Long Blades    | 2 4 5 |  5.2
Dodging        | 1 2 |  2.3
Armour         | 4 5 |  5.2
Fighting       | 4 |  4.8
Shields        | |  3.7

Action                     |  1- 3 |  4- 6 |  7- 9 || total
---------------------------+-------+-------+-------++-------
  Melee: Long sword        |   128 |   117 |   137 ||   382
         Punch             |     1 |       |     1 ||     2
         Headbutt          |       |       |     6 ||     6
  Throw: Dart              |       |       |     1 ||     1
    Use: Potion            |     1 |     3 |     3 ||     7
         Scroll            |       |     2 |       ||     2
 Armour: Scale mail        |    89 |    84 |    99 ||   272
  Dodge: Dodged            |    65 |    77 |   100 ||   242

Table legend: (Time is in decaauts)
 A = Elapsed time spent in this place.
 B = Non-inter-level travel time spent in this place.
 C = Inter-level travel time spent in this place.
 D = Time resting spent in this place.
 E = Time spent auto-exploring this place.
 F = Levels seen in this place.
 G = Mean time per level.
                   A        B        C        D        E       F      G
               +--------+--------+--------+--------+--------+-----+--------+
         Total |   4193 |   4024 |    169 |    234 |   2826 |   6 |  698.8 |
       Dungeon |   4131 |   3977 |    154 |    234 |   2826 |   5 |  826.2 |
        Temple |     62 |     47 |     15 |      0 |      0 |   1 |   62.0 |
               +--------+--------+--------+--------+--------+-----+--------+

Top non-repeatable levels by time:
     D:4: 1272 daAuts
     D:1: 1128 daAuts
     D:3: 886 daAuts
     D:2: 808 daAuts
  Temple: 62 daAuts
     D:5: 36 daAuts
